 Dungeon Crawl Stone Soup version bcrawl-1.37.2 (webtiles) character file.

Game seed: 8011068261715428874

428189 Mehrunes the Spry (level 16, -1/97 HPs)
             Began as an Avariel Fire Elementalist on Nov 1, 2022.
             Was the Champion of Sif Muna.
             Slain by a +2 dire flail of protection (30 damage)
             ... on level 1 of the Elven Halls.
             The game lasted 01:13:08 (28962 turns).

Mehrunes the Spry (Avariel Fire Elementalist)      Turns: 28962, Time: 01:13:08

Health: -1/97      AC:  8    Str:  6    XL:     16   Next: 33%
Magic:  9/58       EV: 25    Int: 29    God:    Sif Muna [******]
Gold:   1452       SH:  3    Dex: 13    Spells: 8/45 levels left

rFire    + . .     GDR:     25% E - staff of power
rCold    . . .     SeeInvis .   (no shield)
rNeg     . . .     Gourm    .   b - +2 robe {rF+}
rPois    .         Faith    .   H - +0 hat
rElec    .         Spirit   .   W - -1 cloak (curse)
rCorr    .         Reflect  +   X - +2 pair of gloves
MR       +....                  B - +0 pair of boots
Stlth    ++........             y - +3 amulet of reflection
HPRegen  0.26/turn              D - ring of wizardry
MPRegen  0.36/turn              L - ring of magical power

@: flying quickly and evasively, starving, deflect missiles, quick
A: able to fly
a: Stop Flying, Divine Energy, Channel Magic, Forget Spell, Moment of Magic,
Renounce Religion


You were on level 1 of the Elven Halls.
You worshipped Sif Muna.
Sif Muna was exalted by your worship.
You were starving.

You visited 4 branches of the dungeon, and saw 20 of its levels.
You also visited: Sewer and Desolation.

You collected 2051 gold pieces.
You spent 599 gold pieces at shops.

Inventory:

Hand Weapons
 l - the +0 great sword of Foul Odors {pain, rN+ Stlth+}
   (You found it on level 6 of the Dungeon)

   In the hands of one skilled in necromantic magic, it inflicts extra damage on
   living creatures.
   It protects you from negative energy.
   It makes you more stealthy.
 p - a +0 short sword of venom
Armour
 b - a +2 robe of fire resistance (worn)
 B - a +0 pair of boots (worn)
 H - a +0 hat (worn)
 W - a cursed -1 cloak (worn)
 X - a +2 pair of gloves (worn)
Magical Staves
 E - an uncursed staff of power (weapon)
Jewellery
 r - an uncursed ring of positive energy
 y - a +3 amulet of reflection (around neck)
 D - a ring of wizardry (left hand)
 L - a ring of magical power (right hand)
 O - an uncursed ring of protection from cold {unknown}
 R - an uncursed ring of flight {unknown}
Wands
 c - a wand of flame (4)
 d - a wand of disintegration (31)
 n - a wand of random effects (22)
 w - a wand of paralysis (17)
 N - a wand of iceblast (10)
 T - a wand of acid (7)
 V - a wand of scattershot (7)
Scrolls
 f - 2 scrolls of enchant armour
 g - 4 scrolls of fear
 i - a scroll of identify
 j - 7 scrolls of immolation
 k - 14 scrolls of teleportation
 o - 11 scrolls of remove curse
 q - 5 scrolls of magic mapping
 u - a scroll of brand weapon {unknown}
 v - 4 scrolls of noise
 C - 3 scrolls of amnesia
 F - 3 scrolls of enchant weapon
 I - 4 scrolls of fog
 S - a scroll of summoning
 U - 2 scrolls of vulnerability
 Y - a scroll of silence
Potions
 a - a potion of magic
 m - 3 potions of flight
 s - 10 potions of curing
 t - 7 potions of lignification
 x - 2 potions of might
 z - 2 potions of agility
 A - 2 potions of mutation
 G - 2 potions of ambrosia
 K - 3 potions of degeneration
 M - a potion of cancellation
 Q - a potion of berserk rage
Miscellaneous
 J - a lightning rod (4/4)
Comestibles
 e - 26 rations {!d}
 h - 2 chunks of flesh


   Skills:
 - Level 10.0 Fighting
 - Level 15.0 Dodging
 - Level 2.1 Stealth
 - Level 15.0 Spellcasting
 + Level 14.1 Conjurations
 - Level 4.0 Charms
 + Level 13.7 Fire Magic
 - Level 4.0 Air Magic
 - Level 8.0 Invocations
 - Level 4.0 Evocations


You had 8 spell levels left.
You knew the following spells:

 Your Spells              Type           Power        Failure   Level  Hunger
a - Flame Tongue          Conj/Fire      #####        0%          1    None
b - Conjure Flame         Conj/Fire      #######.     0%          3    None
c - Sticky Flame          Conj/Fire      #######.     1%          4    None
d - Inner Flame           Hex/Fire       N/A          1%          3    None
e - Fireball              Conj/Fire      #######...   1%          5    None
f - Deflect Missiles      Chrm/Air       #####.....   26%         6    ###....
g - Orb of Destruction    Conj           #######...   2%          7    #####..
h - Ignition              Fire           #######...   21%         8    ######.

Your spell library contained the following spells:

 Spells                   Type           Power        Failure   Level  Hunger
 Magic Dart               Conj           ####         0%          1    None
 Iskenderun's Mystic Bla  Conj           #######.     0%          3    None
 Apportation              Tloc           ###...       1%          1    None
 Corona                   Hex            ###....      1%          1    None
 Freeze                   Ice            ###...       1%          1    None
 Infusion                 Chrm           #####...     1%          1    None
 Necrotize                Necr           ###...       1%          1    None
 Sandblast                Erth           ###...       1%          1    None
 Slow                     Hex            ###.....     1%          1    None
 Static Discharge         Air            #####.       1%          1    None
 Summon Butterflies       Summ           ###.....     1%          1    None
 Ensorcelled Hibernation  Hex/Ice        ###...       1%          2    None
 Flaming Arrows           Chrm/Fire      ######..     1%          2    None
 Poisonous Vapours        Pois/Air       ####..       1%          2    None
 Shock                    Conj/Air       ######.      1%          2    None
 Throw Frost              Conj/Ice       ######       1%          2    None
 Dazzling Orbs            Conj/Hex       ######.      1%          3    None
 Ignite Poison            Fire/Tmut/Pois #####...     1%          3    None
 Mephitic Cloud           Conj/Pois/Air  ######..     1%          3    None
 Ozocubu's Armour         Chrm/Ice       ####....     1%          3    None
 Regeneration             Chrm/Necr      ####......   1%          3    None
 Spectral Weapon          Hex/Chrm       ####....     1%          3    None
 Fulminant Prism          Conj/Hex       ######....   1%          4    None
 Lightning Bolt           Conj/Air       ######..     1%          4    None
 Throw Icicle             Conj/Ice       ######..     1%          4    None
 Bolt of Magma            Conj/Fire/Erth ######....   1%          5    None
 Irradiate                Conj/Tmut      ######....   1%          5    None
 Steam Barrier            Chrm/Fire      ######....   1%          5    None
 Bolt of Fire             Conj/Fire      #######...   1%          6    ###....
 Beckoning                Tloc           ###.......   2%          3    None
 Confuse                  Hex            ###.....     2%          3    None
 Portal Projectile        Tloc           ###...       2%          3    None
 Recall                   Summ/Tloc      N/A          2%          3    None
 Tukima's Dance           Hex            ###.....     2%          3    None
 Vampiric Draining        Necr           ###.......   2%          3    None
 Piercing Shot            Chrm           #####.....   4%          5    None
 Bolt of Cold             Conj/Ice       ######....   8%          6    ###....
 Poison Arrow             Conj/Pois      ######....   8%          6    ###....
 Agony                    Necr           ###.....     9%          4    None
 Animate Dead             Necr           N/A          9%          4    None
 Cause Fear               Hex            ###.......   9%          4    None
 Force Lance              Tloc           ###.....     9%          4    None
 Ice Form                 Ice/Tmut       ###.....     9%          4    None
 Summon Ice Beast         Ice/Summ       ###.....     9%          4    None
 Freezing Cloud           Ice/Air        ####....     11%         5    None
 Silence                  Hex/Air        ####......   11%         5    None
 Summon Lightning Spire   Summ/Air       ####....     11%         5    None
 Dispel Undead            Necr           ###.....     24%         5    None
 Passage of Golubria      Tloc           N/A          24%         5    None
 Aura of Abjuration       Summ           ###.......   77%         6    ###....
 Dispersal                Tloc           ###.......   77%         6    ###....
 Virulence                Hex/Pois       ###.....     77%         6    ###....
 Controlled Blink         Tloc           ###.....     99%         7    #####..


Dungeon Overview and Level Annotations

Branches:
Dungeon (12/12)            Temple (0/1) D:7            Lair (6/6) D:9
 Shoals (0/3) Lair:2       Spider (0/3) Lair:4        Slime (0/5) Lair:5
    Orc (1/1) D:10            Elf (1/3) Orc
 Vaults: D:11-12     Depths: D:12

Altars:
Ashenzari
Elyvilon
Fedhas
Hepliaklqana
Kikubaaqudgha
Lugonu
Ru
Sif Muna
Vehumet
Wu Jian
Xom
Yredelemnul
Zin
Jiyva

Shops:
D:6 *(*!*   D:10 [   D:11 *   Orc (*(*

Portals:
Trove: D:8 (give +4 fire dragon scales)

Annotations:
Lair:6 exclusion: obsidian statue


Innate Abilities, Weirdness & Mutations

You can fly continuously.


Message History

The +2 dire flail of protection completely misses you.
Casting: Orb of Destruction (safe; 2% risk of failure)
Confirm with . or Enter, or press ? or * to list all spells.
You don't have enough magic to cast that spell.
The +2 dire flail of protection completely misses you. x2
You feel somewhat more hungry.
The +2 dire flail of protection hits you!!
* * * LOW HITPOINT WARNING * * *
There is an open door here.
Press: ? - help, v - describe, . - travel
Here: a +2 dire flail of protection (almost destroyed)
Casting: Orb of Destruction (safe; 2% risk of failure)
Confirm with . or Enter, or press ? or * to list all spells.
The air bursts into flame!
The fireball engulfs the +2 dire flail of protection.
The +2 dire flail of protection resists.
The +2 dire flail of protection is almost destroyed.
You are starving!
The +2 dire flail of protection hits you!!
You die...

****#.....+,,,,+,,,,,,,,,+,,+,*,*
##'...'##****,,,,,,,,,****,,∩,
##.#####.## **,,,,,,,** *,*,*
##)## ##.## **,,,,,** **+,,,
##.## ##.## **,,,** **,**+* ..##
##.## *+*** **,***,* .## ##.##
*,* **,** *,* .# ***** ##.##*,*
**,** *,* ## *,,,* ##@##+###*,**
*,* # *,,,* ##(..).#+** *,*
#****,,,**** *#.......#* **+*
#*,,,,,,,,,* #.........# *,,,
#*,,,,8,,,,***#.........#*****,,,
#*,,,,,,,,,+,,+....⌠....+,,,,+,,,
#****,,,******#.........#********
# *,,,* #.$.......# # *,,,*
##.......##


You could see a +2 dire flail of protection.

Vanquished Creatures
  An orc warlord (Orc)
  A very ugly thing (D:10)
  5 dire elephants
  6 hydras
  A catoblepas (D:11)
  3 dancing weapons (Elf:1)
  An alligator (Lair:6)
  5 death yaks (Lair:6)
  A two-headed ogre (D:8)
  7 deep elf knights (Elf:1)
  A goliath frog (Lair:6)
  A spectral dire elephant (Lair:6)
  3 centaur warriors
  3 unseen horrors (D:10)
  A spectral anaconda (Lair:6)
  2 deep elf archers (Elf:1)
  24 deep elf magi (Elf:1)
  A cyclops (D:11)
  3 lindwurms
  4 necromancers
  2 oklob plants
  8 orc knights
  An ugly thing (D:11)
  An orc sorcerer (Orc)
  2 dire elephant zombies (Lair:6)
  47 elephants
  6 black mambas
  3 gargoyles (D:11)
  A guardian serpent (Desolation)
  A torpor snail (Lair:5)
  A cane toad (shapeshifter) (D:6)
  A dire elephant skeleton (Lair:6)
  5 komodo dragons
  3 rime drakes
  7 cane toads
  9 trolls
  A meliai (shapeshifter) (D:12)
  3 hornets
  A spectral elephant (Lair:6)
  A harpy skeleton (D:11)
  5 saltlings
  6 blink frogs
  2 slime creatures
  16 dream sheep
  4 hippogriffs
  2 spriggans
  An air elemental (Elf:1)
  2 wyverns
  A wraith (D:8)
  27 yaks
  3 hungry ghosts
  2 basilisks
  A death yak simulacrum (Lair:6)
  10 wargs (Orc)
  3 spectral cane toads (Lair:6)
  2 acid dragons (D:10)
  14 crocodiles
  6 porcupines
  Purgy (Sewer)
  8 water moccasins
  3 necrophages
  3 ice beasts
  A black bear (D:8)
  31 orc warriors
  A sky beast (D:6)
  9 ogres
  2 phantoms
  An elephant zombie (Lair:6)
  10 wolves
  19 bullfrogs
  An elf zombie (D:8)
  3 earth elementals
  A wyvern zombie (D:9)
  A gnoll sergeant (D:10)
  A water moccasin zombie (D:5)
  A cane toad simulacrum (Lair:6)
  30 centaurs
  2 scorpions
  An elephant simulacrum (Lair:6)
  A water moccasin skeleton (D:10)
  4 killer bees (D:11)
  A howler monkey (D:5)
  A wight (D:8)
  5 electric eels
  11 orc priests
  8 crimson imps
  3 jellies
  3 quasits
  12 hounds
  3 bullfrog zombies
  3 human zombies (D:8)
  2 bullfrog skeletons
  26 orc wizards
  2 iguanas
  14 hell rats (Lair:3)
  4 polar bear simulacra (Lair:5)
  6 worker ants
  4 yak simulacra (Lair:5)
  2 wolf simulacra (Lair:5)
  A hound skeleton (D:5)
  A howler monkey zombie (D:3)
  A mummy (D:8)
  3 worker ant zombies
  4 gnolls
  A howler monkey skeleton (D:5)
  11 adders
  6 shadow imps
  2 oozes
  A worm (D:3)
  2 dart slugs
  3 leopard geckos
  77 orcs
  5 giant cockroaches
  7 goblins
  4 hobgoblins
  12 jackals
  3 quokkas
  A ball python (Sewer)
  3 bats
  14 frilled lizards
  12 kobolds
  An orc skeleton (D:8)
  2 orc zombies (D:8)
  6 rats
  A river rat simulacrum (Lair:5)
  A spectral kobold (D:4)
  4 fungi
  10 plants
  A withered plant (Lair:6)
730 creatures vanquished.

Vanquished Creatures (others)
  An elephant (Lair:4)
  3 dream sheep (Lair:1)
  A yak (Lair:5)
  A bush (Lair:6)
  86 fungi
  12 pillars of salt (Elf:1)
  55 plants
  18 withered plants (Lair:6)
177 creatures vanquished.

Grand Total: 907 creatures vanquished

Notes
Turn   | Place    | Note
-------+----------+-------------------------------------------
     0 | D:1      | Mehrunes the Avariel Fire Elementalist began the quest for
                  | the Orb.
     0 | D:1      | Reached XP level 1. HP: 10/10 MP: 6/6
    81 | D:1      | Reached XP level 2. HP: 15/15 MP: 1/8
   605 | D:1      | Reached XP level 3. HP: 19/19 MP: 8/10
   628 | D:1      | Learned a level 3 spell: Conjure Flame
   774 | D:1      | Reached XP level 4. HP: 17/24 MP: 0/12
   846 | D:2      | Learned a level 4 spell: Sticky Flame
   861 | D:2      | Learned a level 3 spell: Inner Flame
  1608 | D:2      | Got a transparent diamond amulet
  1819 | D:3      | HP: 1/24 [cloud of steam (22)]
  1948 | D:3      | Found a glowing drain.
  1955 | Sewer    | Entered a sewer
  1990 | Sewer    | Noticed Purgy
  1999 | Sewer    | Killed Purgy
  2000 | Sewer    | Reached skill level 5 in Fire Magic
  2000 | Sewer    | Reached XP level 5. HP: 28/28 MP: 8/13
  2250 | D:3      | Reached XP level 6. HP: 32/32 MP: 10/14
  2303 | D:3      | Reached skill level 5 in Conjurations
  3255 | D:4      | Reached XP level 7. HP: 36/36 MP: 12/15
  3770 | D:4      | Found a hazy altar of Hepliaklqana.
  3949 | D:4      | Found a sacrificial altar of Ru.
  4131 | D:5      | Entered Level 5 of the Dungeon
  4153 | D:5      | Reached skill level 5 in Spellcasting
  4327 | D:5      | Reached XP level 8. HP: 41/41 MP: 11/17
  4365 | D:5      | Learned a level 5 spell: Fireball
  4573 | D:5      | Identified the amulet "Lini Yni" {Inacc Str+3} (You found
                  | it on level 2 of the Dungeon)
  4778 | D:5      | Found a radiant altar of Vehumet.
  5027 | D:5      | Found a corrupted altar of Lugonu.
  5062 | D:5      | Found a glowing silver altar of Zin.
  5309 | D:6      | Found Xyustoymn's Assorted Antiques.
  5471 | D:6      | Found Oref's Weapon Shop.
  5610 | D:6      | Found Siam's General Store.
  5613 | D:6      | Bought a +3 amulet of reflection for 253 gold pieces
  5621 | D:6      | Found Moaluc's Distillery.
  5673 | D:6      | Reached skill level 5 in Dodging
  5741 | D:6      | Got an iridescent great sword
  5742 | D:6      | Identified the cursed +0 great sword of Foul Odors {pain,
                  | rN+ Stlth+} (You found it on level 6 of the Dungeon)
  5985 | D:6      | Noticed a rime drake
  6002 | D:6      | Gained mutation: You can fly continuously. [Avariel growth]
  6002 | D:6      | Reached XP level 9. HP: 14/45 MP: 15/18
  6288 | D:6      | Found Qelatin's Assorted Antiques.
  6302 | D:6      | Noticed a troll
  6315 | D:6      | Noticed a cane toad
  6323 | D:6      | Killed a cane toad
  6472 | D:6      | Killed a troll
  6809 | D:7      | Found a shimmering blue altar of Sif Muna.
  6815 | D:7      | Became a worshipper of Sif Muna the Loreminder
  6821 | D:7      | Found an ancient bone altar of Kikubaaqudgha.
  6867 | D:7      | Found a radiant altar of Vehumet.
  7211 | D:7      | Found a white marble altar of Elyvilon.
  7272 | D:7      | Found a basalt altar of Yredelemnul.
  7325 | D:7      | Reached skill level 10 in Dodging
  7325 | D:7      | Reached skill level 1 in Fighting
  7415 | D:7      | Reached XP level 10. HP: 42/56 MP: 0/19
  7690 | D:7      | Reached skill level 5 in Fighting
  7737 | D:7      | Found a staircase to the Ecumenical Temple.
  8407 | D:8      | Noticed a two-headed ogre
  8419 | D:8      | Killed a two-headed ogre
  8586 | D:8      | Found a portal to a secret trove of treasure.
  8843 | D:8      | Found an ancient bone altar of Kikubaaqudgha.
  8849 | D:8      | Reached * piety under Sif Muna
  9952 | D:8      | Reached XP level 11. HP: 69/69 MP: 10/20
 10241 | D:9      | Found a shattered altar of Ashenzari.
 10399 | D:9      | Identified Belas's Papyrus of Venomous Talismans (Sif Muna
                  | gifted it to you on level 9 of the Dungeon)
 10399 | D:9      | Received a gift from Sif Muna
 10451 | D:9      | Reached skill level 10 in Fighting
 10604 | D:9      | Found a staircase to the Lair.
 10702 | D:9      | Found a blossoming altar of Fedhas.
 11092 | Lair:1   | Entered Level 1 of the Lair of Beasts
 11127 | D:9      | Reached ** piety under Sif Muna
 11808 | Lair:1   | Found a shimmering altar of Xom.
 11811 | Lair:1   | Reached *** piety under Sif Muna
 12369 | Lair:1   | Learned a level 6 spell: Deflect Missiles
 12435 | Lair:2   | Reached skill level 10 in Conjurations
 12525 | Lair:2   | Found a staircase to the Shoals.
 12558 | Lair:2   | Reached skill level 10 in Fire Magic
 12642 | Lair:2   | Reached skill level 1 in Invocations
 12805 | Lair:2   | Reached skill level 1 in Air Magic
 12884 | Lair:2   | Reached skill level 1 in Charms
 13042 | Lair:2   | Reached XP level 12. HP: 75/75 MP: 17/23
 13687 | Lair:3   | Reached **** piety under Sif Muna
 13687 | Lair:3   | Identified Sif Muna's Tome of Gliding Displacement (Sif
                  | Muna gifted it to you on level 3 of the Lair of Beasts)
 13687 | Lair:3   | Received a gift from Sif Muna
 14981 | Lair:4   | Noticed an eight-headed hydra
 15070 | Lair:4   | HP: 1/75 [eight-headed hydra (16)]
 15124 | Lair:3   | Killed an eight-headed hydra
 15268 | Lair:3   | Identified a scroll of acquirement
 15270 | Lair:3   | Identified Sif Muna's Tome of Spatial Illusion (You
                  | acquired it on level 3 of the Lair of Beasts)
 15382 | Lair:4   | Reached ***** piety under Sif Muna
 15382 | Lair:4   | Reached skill level 1 in Evocations
 15475 | Lair:4   | Noticed an eight-headed hydra
 15920 | Lair:4   | Noticed a dire elephant
 15979 | Lair:4   | Noticed a four-headed hydra
 16005 | Lair:3   | Reached XP level 13. HP: 63/80 MP: 19/27
 16191 | Lair:4   | Identified Sif Muna's Catalogue of Conjuration (Sif Muna
                  | gifted it to you on level 4 of the Lair of Beasts)
 16191 | Lair:4   | Received a gift from Sif Muna
 16612 | Lair:4   | Reached ****** piety under Sif Muna
 16841 | Lair:4   | Found a hole to the Spider Nest.
 16992 | Lair:4   | Killed a dire elephant
 18035 | Lair:4   | Found a hole to the Spider Nest.
 18284 | Lair:5   | Got a steaming scale mail
 18416 | Lair:4   | Learned a level 7 spell: Orb of Destruction
 18759 | Lair:5   | Reached skill level 5 in Invocations
 19263 | Lair:5   | Reached skill level 10 in Spellcasting
 19273 | Lair:5   | Reached XP level 14. HP: 73/87 MP: 22/30
 19450 | Lair:5   | Found an ornate altar of the Wu Jian Council.
 20016 | Lair:5   | Identified Sif Muna's Reference Book on Heat (Sif Muna
                  | gifted it to you on level 5 of the Lair of Beasts)
 20016 | Lair:5   | Received a gift from Sif Muna
 20186 | Lair:5   | Found a viscous altar of Jiyva.
 20186 | Lair:5   | Found a staircase to the Slime Pits.
 20505 | Lair:6   | Entered Level 6 of the Lair of Beasts
 21402 | Lair:6   | Noticed a dire elephant
 21416 | Lair:6   | Killed a dire elephant
 22101 | Lair:6   | Noticed a dire elephant
 22363 | Lair:6   | Noticed a dire elephant
 22520 | Lair:6   | Learned a level 8 spell: Ignition
 22558 | Lair:6   | Killed a dire elephant
 22591 | Lair:6   | Noticed a dire elephant
 22638 | Lair:6   | Killed a dire elephant
 22927 | Lair:6   | Reached XP level 15. HP: 91/91 MP: 33/33
 23593 | D:10     | Entered Level 10 of the Dungeon
 23610 | D:10     | Found Wic Ela's Antique Armour Shoppe.
 23615 | D:10     | Bought a glowing cloak for 232 gold pieces
 23615 | D:10     | Bought a runed robe for 114 gold pieces
 24125 | D:10     | Identified Sif Muna's Reference Book on Helpful Air (Sif
                  | Muna gifted it to you on level 10 of the Dungeon)
 24125 | D:10     | Received a gift from Sif Muna
 24830 | D:10     | Found a staircase to the Orcish Mines.
 25344 | D:11     | Found a glowing silver altar of Zin.
 25537 | D:11     | Found Quan's Pet Rocks.
 26335 | D:12     | Entered Level 12 of the Dungeon
 26492 | Orc      | Entered the Orcish Mines
 27399 | Orc      | Noticed an orc warlord
 27425 | Orc      | Killed an orc warlord
 27768 | Orc      | Found Gunyimoc's Weapon Shoppe.
 27768 | Orc      | Found Funob's Assorted Antiques.
 27768 | Orc      | Found Zunorghirr's Antique Weapon Boutique.
 27771 | Orc      | Found Zurean's General Store.
 28032 | Orc      | Found a staircase to the Elven Halls.
 28142 | Elf:1    | Entered Level 1 of the Elven Halls
 28220 | Elf:1    | Identified Sif Muna's Incunabulum of Conjuration (Sif Muna
                  | gifted it to you on level 1 of the Elven Halls)
 28220 | Elf:1    | Received a gift from Sif Muna
 28382 | Elf:1    | Found a crumbling gateway.
 28394 | Elf:1    | Reached skill level 15 in Dodging
 28430 | Desolati | Entered the Desolation of Salt
 28461 | Desolati | Reached XP level 16. HP: 97/97 MP: 26/36
 28470 | Elf:1    | Reached skill level 15 in Spellcasting
 28962 | Elf:1    | Slain by a +2 dire flail of protection

Skill      XL: |  1  2  3  4  5  6  7  8  9 10 11 12 13 14 15 16 |
---------------+-------------------------------------------------+-----
Spellcasting   | 3 4 5 6 8 10 12 14 15 | 15.0
Conjurations   | 2 4 6 7 8 10 11 13 14 | 14.1
Fire Magic     | 5 6 7 8 10 11 13 | 13.7
Dodging        | 6 10 13 15 | 15.0
Fighting       | 3 9 10 | 10.0
Invocations    | 2 4 6 8 |  8.0
Air Magic      | 1 4 |  4.0
Charms         | 1 4 |  4.0
Evocations     | 4 |  4.0
Stealth        | |  2.1

Action                   |  1- 3 |  4- 6 |  7- 9 | 10-12 | 13-15 | 16-18 || total
-------------------------+-------+-------+-------+-------+-------+-------++-------
Melee: Unarmed           |     5 |       |       |       |       |       ||     5
       Short sword       |       |     4 |    83 |    69 |       |       ||   156
       Staff             |       |       |       |     4 |    20 |     1 ||    25
 Cast: Flame Tongue      |    53 |   118 |   208 |   450 |   217 |     3 ||  1049
       Sticky Flame      |       |     4 |    20 |    83 |    75 |       ||   182
       Conjure Flame     |       |       |     4 |    17 |     3 |       ||    24
       Fireball          |       |       |       |    29 |   317 |     7 ||   353
       Deflect Missiles  |       |       |       |     1 |       |       ||     1
       Inner Flame       |       |       |       |       |     8 |       ||     8
       Orb of Destructio |       |       |       |       |    32 |    11 ||    43
       Ignition          |       |       |       |       |    41 |    11 ||    52
Invok: Divine Energy     |       |       |     1 |     1 |     6 |       ||     8
       Channel Magic     |       |       |       |     1 |    13 |     3 ||    17
Evoke: Staff of power    |       |       |       |     1 |     1 |       ||     2
  Use: Scroll            |       |     5 |     2 |    13 |    13 |     2 ||    35
       Potion            |       |     6 |     1 |       |       |     3 ||    10
  Eat: Chunk             |       |    10 |    17 |    59 |    98 |     4 ||   188
       Ration            |       |       |     2 |       |     6 |     1 ||     9
Armor: Robe              |     7 |     7 |    16 |    33 |    38 |     2 ||   103
Dodge: Dodged            |    20 |    34 |   137 |   333 |   305 |    26 ||   855
       Deflected         |       |       |       |       |    37 |     2 ||    39
Block: Other             |       |       |    11 |    33 |    28 |     2 ||    74
       Reflection        |       |       |       |     1 |     4 |       ||     5
